 Dungeon Crawl Stone Soup version 0.24.1-8-ga250c9d538 (webtiles) character file.

Game seed: 11198901819403929348, levelgen mode: deterministic

942 Peloso the Slasher (level 7, -6/54 HPs)
             Began as a Demonspawn Fighter on Apr 27, 2020.
             Splashed by a jelly's acid (11 damage)
             ... on level 5 of the Dungeon.
             The game lasted 00:09:13 (5358 turns).

Peloso the Slasher (Demonspawn Fighter)             Turns: 5358, Time: 00:09:14

Health: -6/54      AC:  6    Str: 18    XL:     7   Next: 88%
Magic:  7/7        EV:  5    Int:  9    God:
Gold:   266        SH:  9    Dex: 13    Spells: 6/6 levels left

rFire    . . .     SeeInvis .   a - +0 long sword
rCold    . . .     Gourm    .   c - +0 shield
rNeg     . . .     Faith    .   j - +0 chain mail
rPois    .         Spirit   .   (helmet restricted)
rElec    .         Reflect  .   m - scarf {cloud immunity}
rCorr    .         Harm     .   (no gloves)
MR       .....                  o - +0 pair of boots
Stlth    ..........             (no amulet)
HPRegen  0.18/turn              (no ring)
MPRegen  0.10/turn              (no ring)

@: corroded
A: antennae 1, demonic guardian 1, powered by pain 1
a: no special abilities


You were on level 5 of the Dungeon.
You were not hungry.

You visited 1 branch of the dungeon, and saw 5 of its levels.

You collected 266 gold pieces.

Inventory:

Hand Weapons
 a - a +0 long sword (weapon)
 b - a +4 dagger of flaming
Armour
 c - a +0 shield (worn)
 j - a +0 chain mail (worn)
 m - a scarf of cloud immunity (worn)
 o - a +0 pair of boots (worn)
 p - a +0 cloak
Jewellery
 h - an uncursed amulet of the acrobat
 v - a +4 ring of dexterity {unknown}
Scrolls
 e - a scroll of magic mapping {unknown}
 g - a scroll of fog {unknown}
 i - a scroll of fear {unknown}
 k - 4 scrolls of remove curse {unknown}
 l - 2 scrolls of enchant armour {unknown}
 n - 2 scrolls of enchant weapon {unknown}
 q - a scroll of immolation {unknown}
Potions
 d - a potion of ambrosia
 r - 2 potions of mutation
 s - a potion of heal wounds
 u - a potion of might
 w - a potion of berserk rage {unknown}
Comestibles
 f - 14 rations
 t - 6 chunks of flesh


   Skills:
 + Level 4.2 Fighting
 + Level 5.4 Long Blades
 + Level 4.7 Armour
 + Level 1.2 Dodging
 + Level 0.2 Stealth
 + Level 4.6 Shields


You had 6 spell levels left.
You didn't know any spells.
Your spell library was empty.

Dungeon Overview and Level Annotations

Branches:
Dungeon (5/15)
 Temple: D:4-7

Altars:
Ashenzari
Fedhas


Innate Abilities, Weirdness & Mutations

You have a pair of small antennae on your head.
A weak demonic guardian rushes to your aid.
You sometimes gain a little power by taking damage.


Message History

The orc hits you but does no damage. The orc completely misses you.
Unknown command.
You hit the orc priest but do no damage.
The orc priest is almost dead.
The orc priest barely misses you.
You riposte.
You hit the orc priest.
You kill the orc priest!
The orc hits you but does no damage. x2
Unknown command.
You hit the jelly. The acid corrodes you!
Your hands burn!
The jelly is heavily wounded.
The orc hits you with a +0 short sword. The orc hits you. The jelly hits you.
* * * LOW HITPOINT WARNING * * *
You are splashed with acid!
* * * LOW HITPOINT WARNING * * *
The orc hits you with a +0 short sword.
* * * LOW HITPOINT WARNING * * *
The jelly hits you.
* * * LOW HITPOINT WARNING * * *
You are splashed with acid!
You die...

....#
##.###.###.#
...[#
##.†.###{{.#
...# #..### .[
...# ##...# ..#
...# #..#......
#.. ..##
##.######...#..#
.## #..# .....
## #..#
###h..... #
#..####@oZo..# #
#.###..oJ....# #
##.#...####...#
## ##..[#### ..#
.# ###...#### ##
.##....## ....##
..### .##


You could see a hound, a jelly, an orc wizard, 2 orcs and a howler monkey
skeleton.

Vanquished Creatures
  2 ogres
  A howler monkey (D:4)
  An orc priest (D:5)
  Crazy Yiuf (D:3)
  4 hounds
  An orc wizard (D:4)
  An iguana (D:4)
  2 worker ants
  A worker ant zombie (D:5)
  A gnoll (D:1)
  6 adders
  An ooze (D:2)
  An adder skeleton (D:3)
  3 worms
  4 dart slugs
  2 leopard geckos
  9 orcs
  A ball python (D:4)
  11 bats
  4 giant cockroaches
  6 goblins
  7 hobgoblins
  18 jackals
  A quokka (D:3)
  6 frilled lizards
  2 kobolds
  2 leopard gecko skeletons
  6 rats
105 creatures vanquished.

Vanquished Creatures (collateral kills)
  A sky beast (D:5)
  An ogre (D:5)
  A centaur (D:5)
  A hound (D:5)
  An orc priest (D:5)
  A leopard gecko (D:5)
  2 orcs (D:5)
  A frilled lizard (D:5)
9 creatures vanquished.

Vanquished Creatures (others)
  An orc wizard (D:4)
  5 toadstools (D:5)
6 creatures vanquished.

Grand Total: 120 creatures vanquished

Notes
Turn   | Place    | Note
-------+----------+-------------------------------------------
     0 | D:1      | Peloso the Demonspawn Fighter began the quest for the Orb.
     0 | D:1      | Reached XP level 1. HP: 18/18 MP: 1/1
   282 | D:1      | Gained mutation: You sometimes gain a little power by
                  | taking damage. [demonic ancestry]
   282 | D:1      | Reached XP level 2. HP: 24/24 MP: 2/2
   677 | D:1      | Reached skill level 2 in Long Blades
   928 | D:1      | Reached XP level 3. HP: 29/29 MP: 3/3
  1427 | D:2      | Found a shattered altar of Ashenzari.
  2092 | D:3      | Reached XP level 4. HP: 28/35 MP: 4/4
  2168 | D:3      | Found a faded altar of an unknown god.
  2195 | D:3      | Reached skill level 3 in Long Blades
  2351 | D:3      | Gained mutation: You have a pair of small antennae on your
                  | head. [demonic ancestry]
  2351 | D:3      | Reached XP level 5. HP: 26/41 MP: 5/5
  2694 | D:3      | Found a blossoming altar of Fedhas.
  2911 | D:3      | Found a runed translucent door.
  2912 | D:3      | Noticed Crazy Yiuf
  2922 | D:3      | Killed Crazy Yiuf
  3118 | D:4      | Noticed an ogre
  3171 | D:4      | Killed an ogre
  3171 | D:4      | Reached XP level 6. HP: 15/47 MP: 6/6
  3440 | D:4      | Reached skill level 4 in Long Blades
  3440 | D:4      | Reached skill level 1 in Dodging
  4328 | D:5      | Entered Level 5 of the Dungeon
  4369 | D:5      | Gained mutation: A weak demonic guardian rushes to your
                  | aid. [demonic ancestry]
  4369 | D:5      | Reached XP level 7. HP: 36/53 MP: 7/7
  4498 | D:5      | HP: 1/54 [sky beast (6)]
  5098 | D:5      | Reached skill level 5 in Long Blades
  5358 | D:5      | Splashed by a jelly's acid

Levels and vault maps discovered:
D:1:      denvon_arrival_planthouse, layout_basic
D:2:      layout_rooms, first_ration, ashenzari_altar_1
D:3:      layout_rooms, chequers_ecumenical_altar_simple, nrook_campfire,
          minmay_stone_trees_small, fedhas_altar_1, uniq_crazy_yiuf_cottage
D:4:      layout_basic, minmay_vboxes
D:5:      layout_cave_pods, nicolae_overflow_hidden_temple,
          minmay_gold_behind_fungi, minmay_between, uniq_prince_ribbit1

Skill      XL: |  1  2  3  4  5  6  7 |
---------------+----------------------+-----
Armour         | 3 4 |  4.7
Shields        | 3 4 |  4.6
Long Blades    | 2 3 4 5 |  5.4
Dodging        | 1 |  1.2
Fighting       | 4 |  4.2
Stealth        | |  0.2

Action                   |  1- 3 |  4- 6 |  7- 9 || total
-------------------------+-------+-------+-------++-------
Melee: Long sword        |   162 |   299 |    88 ||   549
  Use: Potion            |     6 |     2 |       ||     8
       Scroll            |     2 |     1 |     1 ||     4
  Eat: Chunk             |     4 |     7 |     4 ||    15
Armor: Scale mail        |    12 |       |       ||    12
       Chain mail        |    98 |   180 |    48 ||   326
Dodge: Dodged            |    40 |    48 |    22 ||   110
Block: Shield            |    86 |   165 |    50 ||   301
       Rpst.: Long sword |    14 |    15 |     6 ||    35
